[Event "4th Nikity Blitz 2024"]
[Site "Niteroi"]
[Date "2024.08.31"]
[Round "4.5"]
[White "Aranha Filho, Alvaro Z."]
[Black "De Oliveira, Yuri Garcia"]
[Result "1-0"]
[ECO "E11"]
[WhiteElo "2196"]
[BlackElo "1964"]
[Annotator "RC"]
[PlyCount "52"]
[EventDate "2024.08.28"]
[EventType "swiss"]
[EventCountry "BRA"]
[SourceTitle "playchess.com"]
[Source "ChessBase"]
[SourceQuality "1"]
[TimeControl "180+2"]

1. d4 Nf6 2. c4 e6 3. Nf3 Bb4+ 4. Bd2 a5 5. g3 d6 6. Bg2 Nbd7 7. O-O e5 8. Bg5 exd4 9. Nxd4 h6 10. Bc1 O-O 11. b3 Re8 12. Bb2 Ne5 13. Nc3 c6 14. Qc2 Bd7 15. Rad1 Qc8 16. Na4 Bc5 17. Nf3 Bf5 18. Qc1 Nxf3+ 19. Bxf3 Nd7 20. Ba3 b5 21. cxb5 cxb5 22. Nxc5 dxc5 23. Bb2 Ra6 24. Qc3 Ne5 25. Bg2 b4 26. Qc1 c4 1-0

[Event "4th Nikity Blitz 2024"]
[Site "Niteroi"]
[Date "2024.08.31"]
[Round "5.1"]
[White "Santiago, Yago De Moura"]
[Black "Quintiliano, Renato R."]
[Result "1-0"]
[ECO "E05"]
[WhiteElo "2455"]
[BlackElo "2499"]
[Annotator "TA"]
[PlyCount "41"]
[EventDate "2024.08.28"]
[EventType "swiss"]
[EventCountry "BRA"]
[SourceTitle "playchess.com"]
[Source "ChessBase"]
[SourceQuality "1"]
[TimeControl "180+2"]

1. d4 Nf6 2. c4 e6 3. Nc3 d5 4. Nf3 Be7 5. g3 O-O 6. Bg2 dxc4 7. O-O Nc6 8. e4 Rb8 9. Qe2 Nxd4 10. Nxd4 Qxd4 11. Rd1 {[%emt 0:00:01] Black is slightly better.} Qc5 12. e5 {[%emt 0:00:01] [#]} (12. Be3 $11 {remains equal.} Qa5 13. Bd2) 12... Nd7 $1 $17 13. Bf4 Nb6 ({Black should try} 13... Qa5 $15) 14. h4 $11 Bd7 (14... Qa5 $11 {keeps the balance.}) 15. Be3 $36 {[%emt 0:00:07][%mdl 2048] White is really pushing. White is more active.} Qxe5 {[%emt 0:00:03] Hoping for ...Bc5.} 16. Bxb6 Qxe2 17. Nxe2 axb6 18. Rxd7 Bd6 {[%emt 0:00:02] Black is weak on the light squares} 19. Rd1 Rfc8 (19... Be5 {was worth a try.} 20. Nc3 c6) 20. Bxb7 $18 Bf8 $2 {[%emt 0:01:19] [#]} (20... Rxb7 $2 {is the wrong capture.} 21. R1xd6 Kf8 22. Rc6 $18) (20... Rd8 21. Rxd8+ Rxd8) 21. R7d3 $4 {[%emt 0:00:02][%mdl 40960] Weighted Error Value: White=0.16 (very precise) /Black=0.43.  Missed win:     	White=1     	---        Mistake:       	White=1     	Black=4      Inaccurate:     	White=1     	Black=1      OK:         	White=4     	Black=2      Best:        	White=2     	---        Strong:       	---       	Black=1     . Loss on time!?} 1-0

[Event "4th Nikity Blitz 2024"]
[Site "Niteroi"]
[Date "2024.08.31"]
[Round "5.2"]
[White "Aranha Filho, Alvaro Z."]
[Black "Perdomo, Leandro"]
[Result "0-1"]
[ECO "A65"]
[WhiteElo "2196"]
[BlackElo "2359"]
[Annotator "RC"]
[PlyCount "74"]
[EventDate "2024.08.28"]
[EventType "swiss"]
[EventCountry "BRA"]
[SourceTitle "playchess.com"]
[Source "ChessBase"]
[SourceQuality "1"]
[TimeControl "180+2"]

1. d4 Nf6 2. c4 g6 3. Nc3 Bg7 4. e4 d6 5. f3 O-O 6. Bg5 c5 7. d5 h6 8. Be3 e6 9. Qd2 exd5 10. cxd5 Re8 11. a4 a6 12. Nge2 Nbd7 13. Ng3 h5 14. Be2 h4 15. Nf1 h3 16. g4 Ne5 17. Ng3 Bd7 18. O-O b5 19. axb5 axb5 20. Rxa8 Qxa8 21. Nxb5 Bxb5 22. Bxb5 Rb8 23. Be2 Qa2 24. g5 Nfd7 25. f4 Rxb2 26. Qd1 Ng4 27. Bc1 Bd4+ 28. Kh1 Rb1 29. Qe1 Nf2+ 30. Rxf2 Bxf2 31. Qxf2 Rxc1+ 32. Nf1 Qb1 33. Qf3 Re1 34. e5 dxe5 35. f5 Qxf5 36. Qxf5 gxf5 37. Kg1 Rxe2 0-1

[Event "4th Nikity Blitz 2024"]
[Site "Niteroi"]
[Date "2024.08.31"]
[Round "5.3"]
[White "Filgueiras, Nathan Felipe"]
[Black "Do Valle Cardoso, Lucas"]
[Result "1-0"]
[ECO "B23"]
[WhiteElo "2316"]
[BlackElo "2365"]
[Annotator "RC"]
[PlyCount "62"]
[EventDate "2024.08.28"]
[EventType "swiss"]
[EventCountry "BRA"]
[SourceTitle "playchess.com"]
[Source "ChessBase"]
[SourceQuality "1"]
[TimeControl "180+2"]

1. e4 c5 2. Nc3 d6 3. d4 cxd4 4. Qxd4 Nc6 5. Qd2 Nf6 6. b3 e6 7. Bb2 Be7 8. O-O-O a6 9. f3 h5 10. Nge2 Bd7 11. Kb1 Rc8 12. Nd4 b5 13. Nxc6 Bxc6 14. Ne2 Qc7 15. Nd4 O-O 16. Bd3 Nd7 17. h3 Nc5 18. g4 h4 19. g5 g6 20. Rhg1 e5 21. Nxc6 Qxc6 22. Qf2 a5 23. Rd2 a4 24. Qxh4 Ne6 25. Qe1 Bxg5 26. Rdg2 Bf4 27. Qh4 Be3 28. Rxg6+ fxg6 29. Rxg6+ Ng7 30. Qg4 Rc7 31. h4 Bf4 1-0

[Event "4th Nikity Blitz 2024"]
[Site "Niteroi"]
[Date "2024.08.31"]
[Round "5.4"]
[White "Mekhitarian, Krikor Sevag"]
[Black "Rodrigues Mota, Romulo Cardoso S"]
[Result "1-0"]
[ECO "B37"]
[WhiteElo "2560"]
[BlackElo "2110"]
[Annotator "TA"]
[PlyCount "69"]
[EventDate "2024.08.28"]
[EventType "swiss"]
[EventCountry "BRA"]
[SourceTitle "playchess.com"]
[Source "ChessBase"]
[SourceQuality "1"]
[TimeControl "180+2"]

1. Nf3 Nf6 2. c4 c5 3. Nc3 Nc6 4. d4 cxd4 5. Nxd4 g6 6. e4 d6 7. Nc2 Bg7 8. Be2 O-O 9. O-O Be6 10. Be3 Qc8 11. Rc1 Ng4 12. Bf4 (12. Bxg4 $16 {Black must now prevent Be2.} Bxg4 13. Qd2) 12... Nge5 (12... Bxc3 $11 {remains equal.} 13. bxc3 Nf6) 13. Ne3 ({White should play} 13. Nd5 $16) 13... Nd4 $14 14. Ncd5 (14. Qxd4 $2 Nf3+ 15. Bxf3 Bxd4 $19) 14... Bxd5 15. Nxd5 (15. cxd5 $2 Qxc1 16. Qxd4 Nf3+ 17. Bxf3 Qxf1+ (17... Qxb2 $2 18. Qxb2 Bxb2 19. Rb1 $18) 18. Kxf1 Bxd4 $19) 15... Qd7 16. Be3 (16. Qxd4 $2 Nf3+ 17. Bxf3 Bxd4 $19) 16... Nxe2+ 17. Qxe2 e6 18. Nc3 Rac8 19. b3 ({Don't play} 19. Bxa7 Nxc4 (19... Rxc4 20. f4 $16) 20. b3 Na3 $11) 19... Nc6 {[%emt 0:00:09] White leaves nothing to chance now.} (19... a6 $14) 20. Rfd1 $16 Qe7 21. Nb5 Rfd8 22. Nxa7 {[%emt 0:00:16] White has more active pieces.} Nxa7 23. Bxa7 Rd7 24. Be3 d5 25. cxd5 Rxc1 26. Rxc1 exd5 27. Rc8+ Rd8 28. Rxd8+ Qxd8 29. exd5 Qxd5 {[%emt 0:00:00][%mdl 4096] Endgame. KQB-KQB} 30. g3 Qe4 31. Qd1 h6 32. a4 Kh7 33. Qf1 Bd4 $2 {[%emt 0:00:15] [#]} (33... Qc2 34. Qc4 Qd1+ 35. Kg2) (33... Bf6 $16 34. Qc4 Qxc4 35. bxc4 g5) 34. Qc4 $18 Qb1+ 35. Qc1 {[%emt 0:00:01] Weighted Error Value: White=0.18 (very precise) /Black=0.31.  Loses game:     	---       	Black=1      Mistake:       	White=2     	Black=2      Inaccurate:     	White=2     	Black=2      OK:         	White=10    	Black=5      Best:        	---       	Black=3} 1-0

[Event "4th Nikity Blitz 2024"]
[Site "Niteroi"]
[Date "2024.08.31"]
[Round "5.5"]
[White "Di Berardino, Diego Rafael"]
[Black "Da Cunha, Fabio Barbosa"]
[Result "1-0"]
[ECO "A37"]
[WhiteElo "2472"]
[BlackElo "2034"]
[Annotator "TA"]
[PlyCount "79"]
[EventDate "2024.08.28"]
[EventType "swiss"]
[EventCountry "BRA"]
[SourceTitle "playchess.com"]
[Source "ChessBase"]
[SourceQuality "1"]
[TimeControl "180+2"]

1. Nf3 c5 2. c4 Nc6 3. Nc3 e5 4. g3 g6 5. Bg2 Bg7 6. O-O Nge7 7. d3 O-O 8. a3 d6 9. Rb1 a5 10. Ne1 Be6 11. Nd5 f5 (11... Rb8 {was preferrable.}) 12. Bg5 h6 13. Bxe7 Nxe7 {[%emt 0:00:05] The position is equal.} 14. Nxe7+ Qxe7 15. Nc2 Rad8 (15... f4 $15) 16. Ne3 f4 (16... b5 $11) 17. Nd5 $14 Qf7 18. b4 axb4 19. axb4 g5 {[%emt 0:00:03] [#]} (19... cxb4 $14 20. Rxb4 Rd7) 20. bxc5 $1 $16 {[%emt 0:00:01][%cal Ob1b7] Black must now prevent Rxb7!} dxc5 21. Rxb7 Qxb7 {[%emt 0:00:25] [#]} (21... Rd7 $142) 22. Nf6+ $1 $18 Bxf6 23. Bxb7 Rb8 24. Be4 Rb2 25. Re1 Rfb8 26. Kg2 g4 $2 (26... Ra2 27. e3 g4 28. exf4 (28. gxf4 Rbb2 $11) 28... exf4) 27. Qa4 h5 28. Qc6 Kf7 29. Ra1 {[%emt 0:00:29] Hoping for Qc7+.} f3+ 30. exf3 gxf3+ 31. Bxf3 {[%emt 0:00:03] White mates.} R2b6 32. Ra7+ Kg6 33. Be4+ Bf5 34. Bxf5+ Kxf5 35. Qe4+ Ke6 36. Qd5+ Kf5 37. Qf7 Rb2 38. Qxh5+ Ke6 39. Qg4+ Kd6 40. Qd7# {[%emt 0:00:00] White took control after the opening.   Weighted Error Value: White=0.12 (very precise) /Black=0.74.  Mistake:       	---       	Black=5      Inaccurate:     	White=4     	Black=3      OK:         	White=5     	Black=3      Best:        	White=2     	---        Strong:       	White=1     	---        Brilliant:      	White=1     	---} 1-0

[Event "4th Nikity Blitz 2024"]
[Site "Niteroi"]
[Date "2024.08.31"]
[Round "6.1"]
[White "Perdomo, Leandro"]
[Black "Santiago, Yago De Moura"]
[Result "0-1"]
[ECO "D20"]
[WhiteElo "2359"]
[BlackElo "2455"]
[Annotator "RC"]
[PlyCount "41"]
[EventDate "2024.08.28"]
[EventType "swiss"]
[EventCountry "BRA"]
[SourceTitle "playchess.com"]
[Source "ChessBase"]
[SourceQuality "1"]
[TimeControl "180+2"]

1. d4 d5 2. c4 dxc4 3. e3 c5 4. Bxc4 cxd4 5. exd4 Nf6 6. Nf3 g6 7. Ne5 e6 8. O-O Bg7 9. Nc3 O-O 10. Bg5 h6 11. Bh4 Nc6 12. Nxc6 bxc6 13. Bb3 a5 14. Re1 Ba6 15. Rc1 Bb5 16. Nxb5 cxb5 17. d5 g5 18. Bg3 exd5 19. Rc5 Qb6 20. Rc1 Rfe8 21. Be5 0-1

[Event "4th Nikity Blitz 2024"]
[Site "Niteroi"]
[Date "2024.08.31"]
[Round "6.2"]
[White "Mekhitarian, Krikor Sevag"]
[Black "Filgueiras, Nathan Felipe"]
[Result "1-0"]
[ECO "D35"]
[WhiteElo "2560"]
[BlackElo "2316"]
[Annotator "TA"]
[PlyCount "48"]
[EventDate "2024.08.28"]
[EventType "swiss"]
[EventCountry "BRA"]
[SourceTitle "playchess.com"]
[Source "ChessBase"]
[SourceQuality "1"]
[TimeControl "180+2"]

1. Nf3 Nf6 2. c4 e6 3. Nc3 d5 4. d4 c6 5. Qc2 Nbd7 6. cxd5 exd5 7. Bf4 Bb4 8. e3 O-O 9. Bd3 Qe7 {[%emt 0:00:05] White has an edge.} 10. O-O Bd6 11. Bxd6 Qxd6 12. Rfb1 a5 13. Na4 Re8 14. a3 b5 15. Nc3 a4 16. b3 axb3 17. Qxb3 Nb6 18. a4 Nxa4 {[%emt 0:00:21] [#]} 19. Nxb5 $1 cxb5 $11 20. Bxb5 Bd7 21. Rxa4 $16 (21. Bxa4 $2 {loses.} Reb8 22. Qc3 Rxa4 $19) 21... Rab8 22. Rb4 Bxb5 23. Rxb5 Rxb5 24. Qxb5 Rd8 {[%emt 0:00:03] Weighted Error Value: White=0.11 (very precise) /Black=0.22 (precise) .  Mistake:       	White=1     	Black=1      Inaccurate:     	White=1     	Black=2      OK:         	White=4     	Black=3      Best:        	White=2     	---} 1-0

[Event "4th Nikity Blitz 2024"]
[Site "Niteroi"]
[Date "2024.08.31"]
[Round "6.3"]
[White "Quintiliano, Renato R."]
[Black "Aranha Filho, Alvaro Z."]
[Result "0-1"]
[ECO "A13"]
[WhiteElo "2499"]
[BlackElo "2196"]
[Annotator "TA"]
[PlyCount "42"]
[EventDate "2024.08.28"]
[EventType "swiss"]
[EventCountry "BRA"]
[SourceTitle "playchess.com"]
[Source "ChessBase"]
[SourceQuality "1"]
[TimeControl "180+2"]

1. Nf3 Nf6 2. c4 e6 3. Nc3 d5 4. e3 Be7 5. b3 O-O 6. Bb2 b6 7. cxd5 (7. d4 {simplifies} Bb7 8. Rc1 c5 9. cxd5 Nxd5 10. Nxd5 Qxd5 11. Bc4) 7... Nxd5 8. Nxd5 Qxd5 9. Qc2 {[%emt 0:00:05] The position is equal.} Ba6 {[%emt 0:00:49] Prevents Bd3} 10. Bxa6 Nxa6 11. O-O c5 12. a3 {[%emt 0:00:34] Inhibits Nb4.} Rfd8 13. Rfd1 Qd3 14. Qxd3 Rxd3 15. Bc3 Bf6 16. Bxf6 gxf6 17. Rdb1 Rc8 18. Kf1 c4 19. b4 e5 20. Ke2 e4 ({Black should play} 20... Nc7 $11) 21. Nd4 $14 Ra8 {[%emt 0:00:25][%mdl 32768] Weighted Error Value: White=0.09 (flawless) /Black=0.15 (very precise) .  Mistake:       	---       	Black=2      Inaccurate:     	White=1     	Black=1      OK:         	White=5     	Black=3      Best:        	White=1     	---       . Loss on time!?} ({Black should try} 21... Nc7 $14) 0-1

[Event "4th Nikity Blitz 2024"]
[Site "Niteroi"]
[Date "2024.08.31"]
[Round "6.4"]
[White "Do Valle Cardoso, Lucas"]
[Black "Porto, Cristiano Nogueira"]
[Result "1-0"]
[ECO "C13"]
[WhiteElo "2365"]
[BlackElo "2217"]
[Annotator "RC"]
[PlyCount "133"]
[EventDate "2024.08.28"]
[EventType "swiss"]
[EventCountry "BRA"]
[SourceTitle "playchess.com"]
[Source "ChessBase"]
[SourceQuality "1"]
[TimeControl "180+2"]

1. e4 e6 2. d4 d5 3. Nc3 Nf6 4. Bg5 dxe4 5. Nxe4 Be7 6. Bxf6 Bxf6 7. Nf3 Nd7 8. Bd3 O-O 9. Qe2 c5 10. Nxf6+ Nxf6 11. O-O-O cxd4 12. Nxd4 Qa5 13. Kb1 Bd7 14. h4 Rac8 15. g4 Bc6 16. Rhg1 Rfd8 17. g5 Ne8 18. Nxc6 Rxc6 19. h5 Rcd6 20. g6 fxg6 21. hxg6 h6 22. a3 Nf6 23. Bc4 Nd5 24. Bxd5 exd5 25. Qe7 R6d7 26. Qe6+ Kh8 27. Qe5 Qb6 28. Rde1 Qf6 29. Qe8+ Qf8 30. Qe5 Qf6 31. Qh5 Rf8 32. Re5 Re7 33. Rge1 Rxe5 34. Rxe5 Kg8 35. Rxd5 Qxf2 36. Rd3 Qf1+ 37. Ka2 Qf6 38. Qd5+ Kh8 39. Rg3 b6 40. a4 Re8 41. b3 Qe6 42. Qd3 Kg8 43. Rf3 Qe4 44. Qxe4 Rxe4 45. Rc3 Kf8 46. Rc7 Re7 47. Rc8+ Re8 48. Rc6 Re7 49. a5 Ke8 50. axb6 axb6 51. Rxb6 Kd8 52. Rb8+ Kd7 53. b4 h5 54. Rh8 Re5 55. Rh7 Ke6 56. Rxg7 Kf6 57. Rg8 h4 58. Rh8 Re4 59. Kb3 Kxg6 60. b5 Kg5 61. c4 Re1 62. c5 Rb1+ 63. Kc4 Rc1+ 64. Kb4 Rb1+ 65. Ka5 Ra1+ 66. Kb6 Rf1 67. c6 1-0

[Event "4th Nikity Blitz 2024"]
[Site "Niteroi"]
[Date "2024.08.31"]
[Round "6.5"]
[White "Laba, Otavio De Souza"]
[Black "Di Berardino, Diego Rafael"]
[Result "0-1"]
[ECO "E60"]
[WhiteElo "1918"]
[BlackElo "2472"]
[Annotator "TA"]
[PlyCount "77"]
[EventDate "2024.08.28"]
[EventType "swiss"]
[EventCountry "BRA"]
[SourceTitle "playchess.com"]
[Source "ChessBase"]
[SourceQuality "1"]
[TimeControl "180+2"]

1. d4 Nf6 2. c4 g6 3. h4 c5 4. d5 h6 5. Nc3 d6 6. e4 Bg7 7. Be2 e6 8. Be3 (8. h5 $16) 8... exd5 $11 9. cxd5 a6 10. a4 O-O 11. Qd2 h5 12. Bg5 Re8 13. Nh3 Bxh3 14. Rxh3 Nbd7 15. g4 hxg4 $17 16. Bxg4 {[%emt 0:00:06] [#]} Nxe4 $1 17. Bxd8 Nxd2+ 18. Kxd2 Raxd8 19. h5 f5 20. Be2 Bh6+ 21. Kc2 g5 22. Rg1 Kh8 23. Bd3 Rf8 24. Rf3 f4 (24... c4 $19 {and Black stays clearly on top.} 25. Be2 (25. Bxf5 $2 {too greedy.} Ne5 $19) 25... g4) 25. Ne4 (25. Rh3 $17 {is a better defense.}) 25... Ne5 $19 26. Rh3 (26. Be2 $142) 26... g4 27. Rh4 {[%emt 0:00:08] [#]} g3 28. fxg3 Nf3 29. Rhh1 Nxg1 30. Rxg1 f3 31. Rf1 Be3 32. g4 (32. Re1 $142 Bd4 33. Rf1) 32... Rf4 (32... f2 $19 {Threatens to win with ...Rf4.} 33. Ng3 Rf4) 33. Nf2 $2 {[%emt 0:00:12][%mdl 8192] Now White is beyond hope.} (33. Ng5 $17) 33... Rg8 {[%emt 0:00:20][%cal Oe3f2] aiming for ...Bxf2!} ({Don't take} 33... Rxa4 34. Nd1 Bg5 35. Rxf3) 34. Bf5 $2 (34. Bg6) 34... Bxf2 (34... Rxa4 $2 35. Ne4 f2 36. Kd3 $19) 35. Rxf2 {[%emt 0:00:01] [#]} Rxf5 $1 {[%emt 0:00:01][%mdl 512] Black mates.} 36. gxf5 Rg2 37. Rxg2 fxg2 38. f6 g1=Q 39. Kd2 {[%emt 0:00:11] Weighted Error Value: White=0.77/Black=0.13 (very precise) .  Loses game:     	White=1     	---        Mistake:       	White=6     	Black=2      Inaccurate:     	White=3     	---        OK:         	White=10    	Black=13     Best:        	White=1     	Black=6} 0-1

[Event "4th Nikity Blitz 2024"]
[Site "Niteroi"]
[Date "2024.08.31"]
[Round "7.1"]
[White "Santiago, Yago De Moura"]
[Black "Do Valle Cardoso, Lucas"]
[Result "1/2-1/2"]
[ECO "D25"]
[WhiteElo "2455"]
[BlackElo "2365"]
[Annotator "RC"]
[PlyCount "84"]
[EventDate "2024.08.28"]
[EventType "swiss"]
[EventCountry "BRA"]
[SourceTitle "playchess.com"]
[Source "ChessBase"]
[SourceQuality "1"]
[TimeControl "180+2"]

1. d4 d5 2. c4 dxc4 3. Nf3 Nf6 4. e3 b5 5. a4 b4 6. Bxc4 e6 7. O-O Be7 8. Qe2 O-O 9. Rd1 Bb7 10. a5 a6 11. Nbd2 Nbd7 12. Nb3 c5 13. Ne5 Qc7 14. Nxd7 Nxd7 15. e4 cxd4 16. Nxd4 Nc5 17. f3 Rfd8 18. Be3 Bd6 19. g3 Be5 20. Nb3 Nxb3 21. Bxb3 Rxd1+ 22. Qxd1 Rd8 23. Qe2 Bd4 24. Kg2 h6 25. Bf4 Be5 26. Be3 Bd4 27. Bf4 Qc5 28. Rc1 Qe7 29. h4 e5 30. Be3 Bxe3 31. Qxe3 Rd4 32. Rc4 Rxc4 33. Bxc4 Qc7 34. Qb3 Qe7 35. Qd3 Qc7 36. Bxa6 Bxa6 37. Qxa6 Qc2+ 38. Kh3 Qxb2 39. Qc8+ Kh7 40. Qf5+ Kg8 41. Qc8+ Kh7 42. Qf5+ Kg8 1/2-1/2

[Event "4th Nikity Blitz 2024"]
[Site "Niteroi"]
[Date "2024.08.31"]
[Round "7.2"]
[White "Rangel, Daniel"]
[Black "Mekhitarian, Krikor Sevag"]
[Result "1/2-1/2"]
[ECO "A01"]
[WhiteElo "2198"]
[BlackElo "2560"]
[Annotator "TA"]
[PlyCount "42"]
[EventDate "2024.08.28"]
[EventType "swiss"]
[EventCountry "BRA"]
[SourceTitle "playchess.com"]
[Source "ChessBase"]
[SourceQuality "1"]
[TimeControl "180+2"]

1. b3 e5 2. Bb2 Nc6 3. Nf3 d6 4. e4 f5 5. Nc3 Nf6 6. d3 g6 7. g3 Bg7 8. Bg2 O-O 9. O-O f4 10. d4 Bg4 11. Nb5 (11. d5 $15 Nd4 12. Qd3) 11... a6 ({Black should try} 11... Nxe4 {Threatens to win with ...fxg3.} 12. dxe5 Kh8 (12... dxe5 13. h3 $15)) 12. dxe5 $17 Nh5 ({Much weaker is} 12... Nxe4 $6 13. Nxc7 (13. Qd5+ Kh8 $16) 13... Qxc7 14. Qd5+ Kh8 15. Qxe4 $15) (12... axb5 $17 13. exf6 Bxf6) 13. Qd5+ $11 Kh8 14. Nbd4 Nxe5 15. Nxe5 dxe5 16. Qxd8 Raxd8 17. Nf3 fxg3 18. fxg3 Rfe8 19. Rad1 Rxd1 20. Rxd1 Nf6 21. Re1 (21. Bxe5 $2 {loses.} Bxf3 (21... Nxe4 22. Bxc7 $14) 22. Bxf3 Rxe5 $19) 21... Nd7 {[%emt 0:00:07] Weighted Error Value: White=0.15 (very precise) /Black=0.18 (very precise) .  Mistake:       	White=1     	Black=2      Inaccurate:     	White=1     	---        OK:         	White=4     	Black=9      Best:        	White=2     	---} 1/2-1/2

[Event "4th Nikity Blitz 2024"]
[Site "Niteroi"]
[Date "2024.08.31"]
[Round "7.3"]
[White "Di Berardino, Diego Rafael"]
[Black "Perdomo, Leandro"]
[Result "1-0"]
[ECO "A26"]
[WhiteElo "2472"]
[BlackElo "2359"]
[Annotator "TA"]
[PlyCount "40"]
[EventDate "2024.08.28"]
[EventType "swiss"]
[EventCountry "BRA"]
[SourceTitle "playchess.com"]
[Source "ChessBase"]
[SourceQuality "1"]
[TimeControl "180+2"]

1. c4 g6 2. Nc3 Bg7 3. g3 e5 4. Bg2 Nc6 5. d3 d6 6. e4 Be6 7. Nge2 Qd7 8. O-O Bh3 9. Nd5 {[%emt 0:00:04] [#] Black must now prevent Bxh3.} Bxg2 10. Kxg2 Nce7 11. Be3 c6 12. Ndc3 Nf6 13. h3 d5 {[%emt 0:00:05] [#] Hoping for ...d4. The position is equal.} 14. cxd5 cxd5 {[%emt 0:00:01] White should prevent ...d4.} 15. Bc5 d4 16. Nb1 (16. Bxe7 {simplifies} Qxe7 17. Qa4+ Qd7 18. Qxd7+ Kxd7 19. Nb5) 16... O-O 17. Nd2 Rfc8 18. Rc1 Bh6 19. f4 exf4 20. Nxf4 Nc6 {[%emt 0:00:47][%mdl 32768] Not much happened in this game.   Weighted Error Value: White=0.04 (flawless) /Black=0.07 (flawless) .  Inaccurate:     	---       	Black=1      OK:         	White=3     	Black=3     . Loss on time!?} 1-0

[Event "4th Nikity Blitz 2024"]
[Site "Niteroi"]
[Date "2024.08.31"]
[Round "7.4"]
[White "Aranha Filho, Alvaro Z."]
[Black "Pires, Marcos Vinicius Tors"]
[Result "0-1"]
[ECO "D11"]
[WhiteElo "2196"]
[BlackElo "2212"]
[Annotator "RC"]
[PlyCount "91"]
[EventDate "2024.08.28"]
[EventType "swiss"]
[EventCountry "BRA"]
[SourceTitle "playchess.com"]
[Source "ChessBase"]
[SourceQuality "1"]
[TimeControl "180+2"]

1. d4 d5 2. c4 c6 3. Nf3 Nf6 4. Qc2 dxc4 5. e4 b5 6. b3 cxb3 7. axb3 e6 8. Bd3 Bb7 9. O-O Nbd7 10. Rd1 Be7 11. Bg5 h6 12. Bh4 a6 13. Qe2 Nh5 14. Bxe7 Qxe7 15. Bc2 Nhf6 16. Nc3 e5 17. d5 cxd5 18. Nxd5 Nxd5 19. exd5 O-O 20. Nd4 Qg5 21. Nc6 Rfe8 22. b4 Nf6 23. Bb3 Nh5 24. Na5 Nf4 25. Qf3 Bc8 26. Re1 Bg4 27. Qg3 Ne2+ 28. Rxe2 Bxe2 29. Qxg5 hxg5 30. Re1 Bc4 31. Bxc4 bxc4 32. Nxc4 Rab8 33. d6 f6 34. Na5 Rxb4 35. d7 Rd8 36. Nc6 Rbb8 37. Nxb8 Rxb8 38. Rc1 Kf7 39. g4 Rd8 40. Rc7 Ke7 41. Ra7 Rxd7 42. Rxa6 Rd6 43. Ra7+ Rd7 44. Ra6 Kf7 45. Kg2 Kg6 46. h3 0-1

[Event "4th Nikity Blitz 2024"]
[Site "Niteroi"]
[Date "2024.08.31"]
[Round "7.5"]
[White "Filgueiras, Nathan Felipe"]
[Black "Souza, Iago Henrique da Sil"]
[Result "1-0"]
[ECO "B12"]
[WhiteElo "2316"]
[BlackElo "2036"]
[Annotator "RC"]
[PlyCount "63"]
[EventDate "2024.08.28"]
[EventType "swiss"]
[EventCountry "BRA"]
[SourceTitle "playchess.com"]
[Source "ChessBase"]
[SourceQuality "1"]
[TimeControl "180+2"]

1. e4 c6 2. d4 d5 3. e5 Bf5 4. h4 h5 5. Bd3 Bxd3 6. Qxd3 e6 7. Nf3 Qb6 8. O-O Qa6 9. Qb3 c5 10. dxc5 Bxc5 11. Be3 Nd7 12. Nbd2 Ne7 13. c4 Rc8 14. Rac1 O-O 15. Bxc5 Rxc5 16. Qe3 dxc4 17. Qg5 Nf5 18. Ne4 Rd5 19. Rfd1 Nxe5 20. Nf6+ Kh8 21. Qxh5+ Nh6 22. Nxd5 Nxf3+ 23. Qxf3 exd5 24. a3 Qb6 25. Rd2 Rd8 26. Qf4 Rd6 27. Rxc4 Rf6 28. Rc8+ Kh7 29. Qe3 Qd6 30. Qd3+ g6 31. Qxd5 Qf4 32. Qd8 1-0

[Event "4th Nikity Blitz 2024"]
[Site "Niteroi"]
[Date "2024.08.31"]
[Round "8.1"]
[White "Di Berardino, Diego Rafael"]
[Black "Santiago, Yago De Moura"]
[Result "0-1"]
[ECO "D20"]
[WhiteElo "2472"]
[BlackElo "2455"]
[Annotator "TA"]
[PlyCount "36"]
[EventDate "2024.08.28"]
[EventType "swiss"]
[EventCountry "BRA"]
[SourceTitle "playchess.com"]
[Source "ChessBase"]
[SourceQuality "1"]
[TimeControl "180+2"]

1. d4 d5 2. c4 dxc4 3. e3 c5 4. Bxc4 cxd4 5. exd4 g6 6. Nf3 {[%emt 0:00:13] Hoping for Nc3.} Bg7 (6... Nf6 $11) 7. Qb3 $16 e6 {[%emt 0:00:22][%cal Og8e7] [#]} 8. O-O (8. d5 $1 $16) 8... Nf6 $11 9. Nc3 {[%emt 0:00:07] d5 is the strong threat.} O-O 10. Bg5 h6 11. Bh4 Nc6 12. Qd1 b6 13. a3 (13. Qd2 $15) 13... Bb7 $17 14. Ba2 {[%emt 0:00:08] [#]} Ne7 $1 15. Ne5 ({White should try} 15. Bxf6 Bxf6 16. Rc1) 15... Nf5 $1 16. Bxf6 Bxf6 17. Ne2 (17. Re1 $17 {might work better.}) 17... Nxd4 18. Nxd4 $2 (18. Ng4 Nxe2+ 19. Qxe2) 18... Bxe5 {[%emt 0:00:02] Weighted Error Value: White=0.50/Black=0.16 (very precise) .  Mistake:       	White=5     	Black=1      Inaccurate:     	White=2     	---        OK:         	White=1     	Black=6      Best:        	White=1     	Black=2      Strong:       	---       	Black=1} 0-1